 Dungeon Crawl Stone Soup version 0.19-a0-1002-g674d22e (webtiles) character file.

35 HAL9000 the Chucker (level 3, -1/39 HPs)
             Began as an Ogre Hunter on July 18, 2016.
             Slain by an adder (2 damage)
             ... on level 2 of the Dungeon.
             The game lasted 00:03:27 (1285 turns).

HAL9000 the Chucker (Ogre Hunter)                   Turns: 1285, Time: 00:03:28

Health: -1/39      AC: 13    Str: 17    XL:     3   Next: 33%
Magic:  3/3        EV: -1    Int: 10    God:
Gold:   68         SH:  0    Dex: 11    Spells: 0 memorised, 2 levels left

rFire  + . .     SeeInvis .     a - +0 short sword
rCold  + . .     Gourm    .     t - +0 gold dragon armour
rNeg   . . .     Faith    .     (no shield)
rPois  +         Spirit   .     (helmet restricted)
rElec  .         Dismiss  .     (no cloak)
rCorr  .         Reflect  .     (gloves unavailable)
SustAt .         Harm     .     (boots unavailable)
MR     .....                    w - amulet of inaccuracy (curse)
Stlth  ..........               (no ring)
                                k - ring of loudness (curse)

@: lethally poisoned (-1 -> -2), not resistant to hostile enchantments,
extremely unstealthy
A: unfitting armour, tough skin 1
a: no special abilities


You were on level 2 of the Dungeon.
You were hungry.

You visited 1 branch of the dungeon, and saw 2 of its levels.

You collected 68 gold pieces.

Inventory:

Hand Weapons
 a - a +0 short sword (weapon)
 q - a +0 club
Missiles
 d - a throwing net (quivered)
 l - 2 javelins
Armour
 b - a +0 robe
 t - a +0 gold dragon armour (worn)
Jewellery
 j - an uncursed amulet of magic regeneration
 k - a cursed ring of loudness (left hand)
 s - an uncursed amulet of rage
 w - a cursed amulet of inaccuracy (around neck)
Scrolls
 g - 2 scrolls of identify
Potions
 h - a potion of haste
 m - a potion of mutation {unknown}
 n - a potion of degeneration {unknown}
 u - a potion of berserk rage {unknown}
 v - a potion of invisibility {unknown}
Comestibles
 f - 2 bread rations
 p - a royal jelly


   Skills:
 - Level 4.0 Fighting
 + Level 2.4 Maces & Flails
 - Level 4.0 Throwing
 - Level 1.7 Dodging
 - Level 0.7 Stealth


You had 2 spell levels left.
You didn't know any spells.

Dungeon Overview and Level Annotations

Branches:
Dungeon (2/15)

Altars:


Innate Abilities, Weirdness & Mutations

You are too large for most types of armour.
You have tough skin. (AC +1)


Message History

The adder bites you but does no damage.
You miss the adder.
The adder is severely wounded.
You feel sick.
The adder bites you but does no damage. x2
Unknown command.
You miss the adder.
The adder is severely wounded.
The adder bites you but does no damage.
You completely miss the adder.
The adder is severely wounded.
The adder bites you but does no damage. The adder bites you.
* * * LOW HITPOINT WARNING * * *
You miss the adder.
The adder is severely wounded.
You feel sick. The adder bites you.
* * * LOW HITPOINT WARNING * * *
Your gold dragon armour prevents you from hitting the adder.
The adder is heavily wounded.
The adder bites you.
You die...

.# #.# .## ###.#
##.. #(. #....
...#. #.# #.#.#
#..? ..# # #.#.#
#..# #.#
###.#.####..#
#.###.#
............#
#S...%#
###.#.####..# #@#
#>..........####.#
..#.######.......#
###.........######
###########


You could see an adder.

Vanquished Creatures
  A dart slug (D:1)
  2 worms
  A giant cockroach (D:1)
  5 goblins (D:1)
  2 hobgoblins (D:1)
  4 jackals (D:2)
  2 kobolds
  5 bats
  3 giant newts
  2 rats (D:1)
27 creatures vanquished.

Notes
Turn   | Place    | Note
-------+----------+-------------------------------------------
     0 | D:1      | HAL9000 the Ogre Hunter began the quest for the Orb.
     0 | D:1      | Reached XP level 1. HP: 22/22 MP: 1/1
   166 | D:1      | Reached XP level 2. HP: 22/31 MP: 2/2
   639 | D:1      | Reached skill level 1 in Maces & Flails
   921 | D:2      | Reached XP level 3. HP: 34/39 MP: 3/3
  1284 | D:2      | HP: 1/39 [adder (2)]
  1285 | D:2      | Slain by an adder

Vault maps used:
D:1:      minmay_arrival_up_and_down
D:2:      uniq_natasha, uniq_jessica

Skill      XL: |  1  2  3 |
---------------+----------+-----
Fighting       | 3 4 |  4.0
Maces & Flails | 1 2 |  2.4
Throwing       | |  4.0
Dodging        | |  1.7
Stealth        | |  0.7

Action                   || total
-------------------------++-------
Melee: Short sword       ||   274
Throw: Large rock        ||     5
       Throwing net      ||     1
  Use: Scroll            ||     5
  Eat: Chunk             ||     1
Armor: Gold dragon armou ||   323
       Robe              ||     9
Dodge: Dodged            ||    31
